 Dungeon Crawl Stone Soup version 0.32-a0-643-ga006e7742e (webtiles) character file.

Game seed: 17214611001492614875

2666063 backslashecho the Slayer (level 26, 374/381 HPs)
             Began as a Grey Draconian Shapeshifter on Mar 7, 2024.
             Was a Priest of Uskayaw.
             Escaped with the Orb
             ... and 4 runes
             ... and 1 gem on Mar 8, 2024!
             The game lasted 04:04:39 (59873 turns).

backslashecho the Slayer (DrSh)                    Turns: 59873, Time: 04:04:40

Health: 374/381    AC: 27    Str: 30    XL:     26   Next: 87%
Magic:  32/32      EV: 26    Int: 12    God:    Uskayaw [***...]
Gold:   5109       SH:  0    Dex: 25    Spells: 18/25 levels left

rFire   + +          .
                       - Unarmed
rCold   + . .        (shield currently unavailable)
rNeg    . . .        (body armour unavailable)
rPois   +            T - melded +1 hat "Sicvide" {rF+ Dex+4}
rElec   +            h - melded +2 cloak {rPois}
rCorr   .            q - melded +0 pair of gloves
SInv    .            E - melded +3 pair of mountain boots {steadfast, rC+}
Will    ++...        t - amulet of Furghouff {Acrobat Regen+ Dex+2}
Stlth   +            a - ring of Zoown {Fly rElec Str+6 Dex+3}
HPRegen 1.63/turn    d - ring of Edeeduze {rF++ rC+}
MPRegen 0.23/turn

%: acrobat
@: dragon-form, flying
A: dragon claw, dragon scales, flying, boosted hp, mud breath, mud-swimmer, AC
+17, amphibious, giant, unfitting armour, (cold-blooded), clumsy 1, low MP 1,
strong-willed 1, passive freeze, screaming 2, weak 1
0: Orb of Zot
}: 4/15 runes: barnacled, slimy, silver, gossamer
a: Mud Breath, Begin Untransformation, Renounce Religion, Stomp, Line Pass


You escaped.
You worshipped Uskayaw.
Uskayaw was most pleased with you.
You were a fearsome iron dragon!
You visited 12 branches of the dungeon, and saw 56 of its levels.
You visited 1 bazaar.
You also visited: Bailey, Ice Cave, Volcano and Wizlab.

You collected 9598 gold pieces.
You spent 4489 gold pieces at shops.

Inventory:

Missiles
 K - 6 throwing nets
Armour
 h - a +2 cloak of poison resistance (melded)
 q - a +0 pair of gloves (melded)
 E - the +3 pair of mountain boots (melded) {steadfast, rC+}
   (You acquired it on level 8 of the Dungeon)

   Steadfast: It prevents involuntary movement, except for blinking,
   teleportation, or banishment.
   rC+:       It protects you from cold.
 G - a +0 pair of gloves of dexterity
 T - the +1 hat "Sicvide" (melded) {rF+ Dex+4}
   (You found it on level 4 of the Spider Nest)

   Dex+4:     It affects your dexterity (+4).
   rF+:       It protects you from fire.
 X - a +0 cloak of preservation
Jewellery
 a - the ring of Zoown (left foreclaw) {Fly rElec Str+6 Dex+3}
   (You bought it in a shop in a bazaar)

   [ring of strength]

   Str+6:     It affects your strength (+6).
   Dex+3:     It affects your dexterity (+3).
   rElec:     It insulates you from electricity.
   Fly:       It grants you flight.
 b - the ring of Nobreap {+Blink rPois rF+ rN+ Dex+6}
   (You found it on level 3 of the Crypt)

   [ring of dexterity]

   Dex+6:     It affects your dexterity (+6).
   rF+:       It protects you from fire.
   rPois:     It protects you from poison.
   rN+:       It protects you from negative energy.
   +Blink:    It lets you blink.
 d - the ring of Edeeduze (right foreclaw) {rF++ rC+}
   (You bought it in a shop in a bazaar)

   [ring of protection from cold]

   rF++:      It greatly protects you from fire.
   rC+:       It protects you from cold.
 t - the amulet of Furghouff (around neck) {Acrobat Regen+ Dex+2}
   (You bought it in a shop in a bazaar)

   [amulet of the acrobat]

   Acrobat:   It increases your evasion while moving and waiting.
   Dex+2:     It affects your dexterity (+2).
   Regen+:    It increases your rate of health regeneration.
 z - a ring of resist corrosion
 I - the ring "Qorywuererr" {rPois Will+ EV+5 Int+2 Stlth+}
   (You found it on level 5 of the Pits of Slime)

   [ring of evasion]

   EV+5:      It affects your evasion (+5).
   Int+2:     It affects your intelligence (+2).
   rPois:     It protects you from poison.
   Will+:     It increases your willpower.
   Stlth+:    It makes you more stealthy.
 W - a ring of see invisible
 Y - a ring of willpower
Talismans
 P - a dragon-blood talisman (active)
 U - a blade talisman
Wands
 s - a wand of roots (47)
 u - a wand of digging (17)
 S - a wand of acid (17)
Scrolls
 e - 6 scrolls of poison
 i - 10 scrolls of enchant armour
 n - 27 scrolls of teleportation
 o - a scroll of identify
 r - 4 scrolls of blinking
 v - 5 scrolls of fear
 A - 9 scrolls of immolation
 D - 6 scrolls of amnesia
 J - a scroll of silence
 M - 2 scrolls of revelation
 R - 2 scrolls of fog
Potions
 c - 5 potions of berserk rage
 f - 5 potions of enlightenment
 j - 6 potions of haste
 k - 8 potions of ambrosia
 l - 24 potions of curing
 m - 7 potions of heal wounds
 p - 5 potions of brilliance
 w - 6 potions of might
 x - 9 potions of magic
 B - 2 potions of cancellation
 C - 11 potions of mutation
 N - 3 potions of resistance
 V - 3 potions of invisibility
Miscellaneous
 g - a phial of floods
 y - a condenser vane
 H - a phantom mirror
 O - a lightning rod (4/4)
 Z - a box of beasts


   Skills:
 + Level 24.0 Fighting
 + Level 23.4 Dodging
 + Level 23.3 Unarmed Combat
 - Level 14.0 Translocations
 - Level 18.0 Invocations
 - Level 9.0 Evocations
 - Level 23.0 Shapeshifting


You had 18 spell levels left.
You knew the following spells:

 Your Spells              Type           Power      Damage    Failure   Level
a - Passage of Golubria   Tloc           33%        N/A       1%          4
b - Fugue of the Fallen   Necr           0%         N/A       69%         3

Your spell library contained the following spells:

 Spells                   Type           Power      Damage    Failure   Level
 Dimensional Bullseye     Hex/Tloc       8%         N/A       19%         4
 Iskenderun's Mystic Bla  Conj/Tloc      16%        2d5       19%         4
 Freeze                   Ice            0%         1d3       32%         1
 Kiss of Death            Conj/Necr      0%         2d5       32%         1
 Magic Dart               Conj           0%         1d3       32%         1
 Slow                     Hex            0%         N/A       32%         1
 Sting                    Conj/Alch      0%         1d3       32%         1
 Call Imp                 Summ           0%         N/A       45%         2
 Cigotuvi's Dreadful Rot  Necr/Alch/Air  0%         N/A       45%         2
 Ensorcelled Hibernation  Hex/Ice        0%         N/A       45%         2
 Jinxbite                 Hex            0%         N/A       45%         2
 Scorch                   Fire           0%         2d5       45%         2
 Searing Ray              Conj           0%         2d4       45%         2
 Static Discharge         Conj/Air       0%         3-3/arc   45%         2
 Sublimation of Blood     Necr           0%         N/A       45%         2
 Summon Forest            Summ/Tloc      8%         N/A       45%         5
 Call Canine Familiar     Summ           0%         N/A       69%         3
 Confusing Touch          Hex            0%         N/A       69%         3
 Frozen Ramparts          Ice            0%         1d1       69%         3
 Hailstorm                Conj/Ice       0%         3d5       69%         3
 Inner Flame              Hex/Fire       0%         N/A       69%         3
 Mephitic Cloud           Conj/Alch/Air  0%         N/A       69%         3
 Passwall                 Erth           0%         N/A       69%         3
 Sigil of Binding         Hex            0%         N/A       69%         3
 Stone Arrow              Conj/Erth      0%         3d7       69%         3
 Summon Ice Beast         Ice/Summ       0%         N/A       69%         3
 Swiftness                Air            0%         N/A       69%         3
 Tukima's Dance           Hex            0%         N/A       69%         3
 Vampiric Draining        Necr           0%         2d6       69%         3
 Airstrike                Air            0%         2d(0-16)  97%         4
 Anguish                  Hex/Necr       0%         N/A       97%         4
 Animate Dead             Necr           0%         N/A       97%         4
 Cause Fear               Hex            0%         N/A       97%         4
 Dispel Undead            Necr           0%         3d6       97%         4
 Flame Wave               Conj/Fire      0%         2d4       97%         4
 Fulminant Prism          Conj/Alch      0%         3d5       97%         4
 Ignite Poison            Fire/Alch      0%         N/A       97%         4
 Leda's Liquefaction      Alch/Erth      0%         N/A       97%         4
 Martyr's Knell           Necr/Summ      0%         N/A       97%         4
 Olgreb's Toxic Radiance  Alch           0%         N/A       97%         4
 Sticky Flame             Fire/Alch      0%         2d4       97%         4
 Summon Blazeheart Golem  Fire/Summ      0%         N/A       97%         4
 Summon Lightning Spire   Summ/Air       0%         N/A       97%         4
 Alistair's Intoxication  Alch           0%         N/A       100%        5
 Borgnjor's Vile Clutch   Necr/Erth      0%         N/A       100%        5
 Fireball                 Conj/Fire      0%         3d3       100%        5
 Irradiate                Conj/Alch      0%         3d11      100%        5
 Iskenderun's Battlesphe  Conj           0%         2d6       100%        5
 Lee's Rapid Deconstruct  Erth           0%         3d4*      100%        5
 Silence                  Hex/Air        0%         N/A       100%        5
 Summon Mana Viper        Hex/Summ       0%         N/A       100%        5
 Yara's Violent Unravell  Hex/Alch       0%         3d3       100%        5
 Bombard                  Conj/Erth      0%         9d1       100%        6
 Conjure Ball Lightning   Conj/Air       0%         3x3d6     100%        6
 Death Channel            Necr           0%         N/A       100%        6
 Plasma Beam              Fire/Air       0%         2x1d10    100%        6
 Sculpt Simulacrum        Ice/Alch       0%         N/A       100%        6
 Summon Cactus Giant      Summ           0%         N/A       100%        6
 Enfeeble                 Hex            0%         N/A       100%        7
 Haunt                    Necr/Summ      0%         N/A       100%        7
 Orb of Destruction       Conj           0%         9d5       100%        7
 Ozocubu's Refrigeration  Ice            0%         4d7       100%        7
 Spellforged Servitor     Conj/Summ      0%         N/A       100%        7
 Summon Hydra             Summ           0%         N/A       100%        7
 Borgnjor's Revivificati  Necr           0%         N/A       100%        8
 Discord                  Hex            0%         N/A       100%        8
 Disjunction              Tloc           16%        N/A       100%        8
 Ignition                 Fire           0%         3d3       100%        8
 Infestation              Necr           0%         N/A       100%        8
 Lehudib's Crystal Spear  Conj/Erth      0%         10d2      100%        8
 Death's Door             Necr           0%         N/A       100%        9
 Dragon's Call            Summ           0%         N/A       100%        9
 Polar Vortex             Ice            0%         N/A       100%        9


Dungeon Overview and Level Annotations

Branches:
Dungeon (15/15)            Temple (1/1) D:7            Lair (5/5) D:8
 Shoals (4/4) Lair:2       Spider (4/4) Lair:3        Slime (5/5) Lair:4
    Orc (2/2) D:9             Elf (3/3) Orc:2        Vaults (5/5) D:13
  Crypt (3/3) Vaults:3       Tomb (0/3) Crypt:3      Depths (4/4) D:15
    Zot (5/5) Depths:4     Bailey (visited)           IceCv (visited)
Volcano (visited)          WizLab (visited)

Altars:
Ashenzari
Cheibriados
Dithmenos
Elyvilon
Fedhas
Gozag
Hepliaklqana
Kikubaaqudgha
Makhleb
Nemelex Xobeh
Okawaru
Qazlal
Ru
Sif Muna
Trog
Uskayaw
Vehumet
Wu Jian
Xom
Yredelemnul
Zin
The Shining One
Jiyva

Shops:
D:10 *   Orc:2 [=(*   Elf:1 *   Elf:3 :   Shoals:3 *   Vaults:2 (   Vaults:4 [
Depths:1 *

Portals:
Hell: Depths:1 Depths:2 Depths:3 Depths:4
Abyss: Depths:1 Depths:3 Depths:4
Pandemonium: Depths:2
Ziggurat: Depths:3

Annotations:
Elf:1 1 runed translucent door, olddryhag's ghost, adept CoWn
Elf:2 5 runed translucent doors, exclusion: 5 doors
Vaults:2 Mennas
Zot:1 exclusions: draconian knight, green draconian and 1 more exclusion, Tiamat
Zot:3 6 transporters
Zot:5 2 exclusions


Innate Abilities, Weirdness & Mutations

You are a fearsome iron dragon!
You have a powerful clawing attack.
Your giant scaled body is strong and resilient, but less evasive.
Your breath weapon is enhanced in this form.
You are flying.
Your maximum health is greatly increased.
Your armour is entirely melded.
You are incapable of wielding weapons or throwing items.
You can breathe torrents of mud.
You are unimpeded by mud.
Your dull iron-grey scales are very hard. (AC +17)
You are amphibious.
You cannot fit into any form of body armour.
((You are cold-blooded and may be slowed by cold attacks.))
You are clumsy. (Dex -2)
Your magical capacity is low. (-10% MP)
You are strong-willed. (Will+)
A frigid envelope surrounds you and freezes all who hurt you.
You frequently scream uncontrollably at your foes.
You are weak. (Str -2)


Message History

Things that are here:
a +0 dire flail; a +0 plate armour You regained 2 hp, and now have 363/381 hp.
You maul the demonspawn corrupter!!!!
The demonspawn corrupter blocks your attack.
Your claw misses the demonspawn corrupter.
The demonspawn corrupter is almost dead.
The demonspawn corrupter calls forth creatures from the Vaults!
Something completely misses you.
Uskayaw will force your foes to helplessly watch your dance.
Uskayaw prepares the audience for your solo!
The helpless demonspawn corrupter fails to defend itself.
You maul the demonspawn corrupter!!!!
You kill the demonspawn corrupter!
The war gargoyle disappears in a puff of smoke!
No target in view!
No target in view!
Things that are here:
a +0 demon whip of flaming; a +0 ring mail; a +0 kite shield An Orb Guardian comes into view.
You regained 2 hp, and now have 368/381 hp.
You regained 2 hp, and now have 371/381 hp.
You regained 2 hp, and now have 373/381 hp.
You regained 2 hp, and now have 376/381 hp.
The Orb Guardian hits you!!
The Orb Guardian is very cold.
The Orb Guardian is lightly wounded.
The Orb Guardian completely misses you.
You take 20 damage, and have 356/381 hp.
The Orb Guardian misses you.
You regained 2 hp, and now have 359/381 hp.
The Orb Guardian completely misses you.
You regained 2 hp, and now have 361/381 hp.
The Orb Guardian attacks as it pursues you!
The Orb Guardian closely misses you. The Orb Guardian completely misses you.
You regained 2 hp, and now have 364/381 hp.
There is an escape hatch in the ceiling here.
The Orb Guardian hits you but does no damage.
The Orb Guardian is very cold.
The Orb Guardian is lightly wounded.
A mysterious force pulls you upwards. The hatch slams shut behind you.
Reactivating autopickup.
You regained 3 hp, and now have 368/381 hp.
You maul the Orb Guardian!!!!
You kill the Orb Guardian!
No target in view!
No target in view!
You are no longer corroded.
HP restored.
You see here a +0 hand axe.
There is a stone staircase leading up here.
You fly upwards.
There is a stone staircase leading down here.
There is a stone staircase leading up here.
You fly upwards.
There is a stone staircase leading down here.
You see here a ring of wizardry.
There is a stone staircase leading up here.
You fly upwards.
There is a stone staircase leading down here.
There is a stone staircase leading up here.
You fly upwards.
There is a stone staircase leading down here.
You see here an adder skeleton.
There is a stone staircase leading up here.
You fly upwards.
There is a stone staircase leading down here. 2 sun demons come into view.
Health restored: 381 A balrug comes into view.
It is wielding a +0 antimagic demon whip.
The balrug shouts!
The sun demon shouts! x2
The balrug gestures at you.
The fireball explodes!
The fireball engulfs the sun demon.
The sun demon completely resists.
The fireball engulfs the balrug.
The balrug completely resists.
The fireball engulfs you. You resist.
The fireball engulfs the sun demon.
The sun demon completely resists.
The sun demon completely misses you. x2
There is a staircase leading out of the dungeon here.
You take 4 damage, and have 377/381 hp.
You maul the sun demon!!!!
You kill the sun demon!
The balrug gestures at you.
The fireball explodes!
The fireball engulfs you. You resist.
The fireball engulfs the sun demon.
The sun demon completely resists.
The sun demon misses you.
You take 1 damage, and have 376/381 hp.
You maul the sun demon!!!
You claw the sun demon!
The sun demon is almost dead.
The sun demon hits you.
You are engulfed in flames.
You resist.
The sun demon is frozen!
The sun demon is very cold.
The sun demon is almost dead.
You can now pass through a line of other dancers.
You take 5 damage, and have 371/381 hp.
You closely miss the sun demon. You claw the sun demon.
You kill the sun demon!
You maul the balrug!!!!
You kill the balrug!
Uskayaw will force your foes to helplessly watch your dance.
No target in view!
You have escaped!

###......###.........###........#
###.....## ##.......## ##..###..#
....###.# #.......# #..# #...
....# #.## ##.......## ##..# #.##
....# #..###.........###...# #.#
....# #)...................###.#
....# #..................÷.....##
....###....................#...#.
....##.........)D................
....##÷....................##..#.
....##÷÷.......................##
.................................
.........###)........###....#####
........## ##.......## ##........
........# #.......# #..######
>.......## ##.......## ##..#....#
.........###.........###...#.#...


There were no monsters in sight!

Vanquished Creatures
  the Royal Jelly (Slime:5)
  4 dread liches
  Frederick (Vaults:2)
  10 orbs of fire
  A juggernaut (Depths:3)
  Sojobo (Crypt:1)
  9 Killer Klowns
  Bai Suzhen (Spider:4)
  Saint Roka (Vaults:3)
  Parghit (Zot:1)
  Vv (Crypt:1)
  2 curse toes
  Jory (Crypt:2)
  13 golden dragons
  Norris (Vaults:1)
  A shard shrike zombie (Crypt:3)
  2 electric golems
  A bone dragon (Vaults:3)
  26 tentacled monstrosities
  Asterion (Spider:4)
  Zenata (Elf:1)
  Jorgrun (Orc:1)
  5 titans
  2 quicksilver dragons
  24 Orb Guardians
  2 deep elf master archers (Elf:3)
  3 liches
  8 acid blobs
  2 krakens (Shoals:4)
  3 ancient champions (WizLab)
  2 deep elf blademasters (Elf:3)
  4 sphinxes
  7 death cobs
  8 storm dragons
  Ilsuiw (Shoals:4)
  8 shadow dragons
  Donald (Vaults:1)
  7 fire giants
  5 draconian knights
  8 tengu reavers
  7 rockslimes
  2 revenants
  3 draconian monks
  3 azure jellies (Slime:5)
  8 frost giants
  6 emperor scorpions
  2 balrugs
  2 iron dragons (Vaults:5)
  6 protean progenitors
  5 draconian shifters
  The ghost of jamsaran the Toxicologist, a journeyman DgAl (Shoals:2)
  Louise (Spider:4)
  12 vault wardens
  11 draconian scorchers
  7 ghost moths
  2 spectral caustic shrikes (WizLab)
  6 deep elf sorcerers
  5 draconian stormcallers
  2 caustic shrike zombies (Crypt:3)
  6 quicksilver oozes
  A deep elf elementalist (Elf:3)
  3 orc warlords
  25 ironbound preservers
  A demonspawn corrupter (D:7)
  5 draconian annihilators
  4 ghouls
  4 curse skulls
  5 reapers (Crypt:3)
  26 stone giants
  9 very ugly things
  3 broodmothers
  A spriggan defender (Depths:3)
  9 ironbound thunderhulks
  4 formless jellyfish
  3 vampire knights
  9 green draconians
  7 deep elf death magi
  A demonspawn black sun (D:7)
  5 deep elf demonologists
  A spectral titan (WizLab)
  5 halazid warlocks (WizLab)
  11 white draconians
  7 purple draconians
  7 deep elf annihilators (Elf:3)
  9 black draconians
  7 dire elephants
  9 yellow draconians
  14 red draconians
  4 war gargoyles
  8 ettins
  A quicksilver dragon zombie (WizLab)
  12 eidola
  4 spark wasps
  2 spectral quicksilver dragons (WizLab)
  Josephine (D:13)
  A mummy priest (Crypt:3)
  9 merfolk impalers
  A crystal guardian (Vaults:4)
  15 jiangshi
  4 fire dragons
  3 entropy weavers
  10 merfolk javelineers
  6 deep elf high priests
  10 ice dragons
  10 great orbs of eyes
  21 yaktaur captains
  5 spriggan zombies (Crypt:3)
  2 hydras
  2 peacekeepers
  5 jorogumos
  Harold (D:11)
  Erolcha (D:9)
  A hell beast (D:13)
  32 vault guards
  A merfolk avatar (Shoals:4)
  4 rakshasas
  A radroach (Spider:3)
  9 ironbound frosthearts
  2 anacondas (Zot:3)
  11 centaur warriors
  2 ogre magi
  2 catoblepae
  4 death knights
  A spriggan air mage (Depths:2)
  10 dancing weapons
  An alligator snapping turtle (Shoals:3)
  12 two-headed ogres
  6 merfolk aquamancers (Shoals:4)
  4 boulder beetles
  A two-headed ogre (shapeshifter) (Vaults:5)
  8 satyrs
  2 deep troll earth magi
  3 vampire magi
  7 death scarabs (Spider:4)
  8 death yaks
  4 tengu warriors
  6 deep troll shamans
  A titan zombie (WizLab)
  A shock serpent (shapeshifter) (Depths:4)
  8 orc high priests
  7 demonic crawlers
  An occultist (D:15)
  7 sun demons
  Sonja (D:11)
  8 hell knights
  A skyshark (shapeshifter) (Vaults:5)
  10 soul eaters
  9 deep elf knights
  A shadow wraith (WizLab)
  14 skeletal warriors
  A sixfirhy (Depths:2)
  11 iron trolls
  5 skysharks
  A fire crab (shapeshifter) (Vaults:5)
  3 pharaoh ants
  An anaconda zombie (Crypt:3)
  82 deep trolls
  9 sea snakes
  3 mana vipers (Zot:3)
  5 orb spiders
  An iron giant skeleton (Crypt:1)
  3 flayed ghosts
  An orange crystal statue (Elf:2)
  A bunyip zombie (Crypt:3)
  A mana viper (shapeshifter) (Vaults:5)
  5 deep elf archers
  16 ironbound convokers
  A bog body (IceCv)
  A golden dragon skeleton (Crypt:1)
  A shadow dragon zombie (Crypt:3)
  6 glowing orange brains
  21 necromancers
  18 phantasmal warriors
  8 arcanists
  7 lindwurms
  27 deep elf pyromancers
  7 spectral wolf spiders
  3 steelbarb worms
  8 harpies (Shoals:4)
  20 deep elf zephyrmancers
  An alligator zombie (Crypt:1)
  9 orc sorcerers
  2 broodmother zombies (Spider:4)
  23 wolf spiders
  10 orc knights
  A shining eye (Slime:5)
  6 wolf spider zombies
  A shadow dragon skeleton (Crypt:2)
  4 thermic dynamos (Elf:3)
  5 cyclopes
  28 ugly things
  20 fauns
  3 oklob plants
  19 moths of wrath
  6 meliai
  14 elephants
  5 kobold blastminers
  2 centaur zombies (Crypt:3)
  2 naga zombies (Crypt:3)
  A dire elephant zombie (Crypt:3)
  8 black mambas
  17 manticores
  3 torpor snails
  28 vault sentinels
  A gargoyle (D:13)
  10 merfolk sirens
  An alligator snapping turtle zombie (Crypt:1)
  3 ice statues
  Jeremiah (Lair:1)
  An eye of devastation (Slime:4)
  A spectral sea snake (Shoals:2)
  5 water nymphs
  2 hellions
  15 cane toads
  A rime drake (Lair:4)
  2 kobold demonologists
  2 dire elephant skeletons (Crypt:3)
  3 spectral redbacks (Spider:4)
  2 efreet
  A steelbarb worm zombie (Crypt:1)
  A redback zombie (Spider:4)
  16 freezing wraiths
  38 yaktaurs
  8 ice devils
  2 anaconda simulacra (IceCv)
  5 komodo dragons
  A spectral merfolk (Shoals:2)
  A hydra zombie (Crypt:3)
  5 tengu conjurers
  2 guardian mummies (Crypt:3)
  14 trolls
  6 polar bears
  A spectral water nymph (Shoals:2)
  A troll (shapeshifter) (D:15)
  2 wind drakes (Shoals:4)
  2 harpy zombies
  13 hellwings (Crypt:3)
  A tengu simulacrum (Vaults:4)
  Grinder (D:6)
  2 spectral tarantellas (Spider:4)
  30 merfolk
  30 tarantellas
  3 spectral jumping spiders (Spider:4)
  A glass eye (Slime:5)
  2 wolf spider simulacra (Spider:2)
  A culicivora zombie (Spider:4)
  A jumping spider zombie (Spider:4)
  3 harpy skeletons (Crypt:3)
  10 snapping turtles
  A hydra skeleton (Crypt:3)
  31 blink frogs
  38 jumping spiders
  14 dream sheep
  3 air elementals (Elf:3)
  62 slime creatures
  An ettin skeleton (Crypt:3)
  A satyr skeleton (Crypt:2)
  Sigmund (D:3)
  19 culicivoras
  2 centaur simulacra
  An ushabti (Crypt:3)
  8 wyverns
  18 wraiths
  A culicivora (shapeshifter) (Vaults:5)
  8 water elementals
  2 dire elephant simulacra (IceCv)
  A yak (shapeshifter) (Depths:4)
  4 basilisks
  3 fire bats (Lair:3)
  43 yaks
  46 redbacks
  A golden eye (Slime:5)
  4 steam dragons
  2 wargs
  A black mamba skeleton (Crypt:3)
  22 fire elementals
  A sea snake simulacrum (Shoals:2)
  6 vampire mosquitoes
  Menkaure (D:6)
  A merfolk zombie (Crypt:1)
  4 harpy simulacra (IceCv)
  An acid dragon (D:13)
  A faun zombie (Crypt:2)
  20 water moccasins
  A spectral snapping turtle (Shoals:2)
  2 hydra simulacra (IceCv)
  A naga skeleton (Crypt:3)
  3 sky beasts
  An ogre skeleton (Vaults:4)
  2 ice beasts
  17 laughing skulls
  33 orc warriors
  4 black bears
  28 wolves
  4 ogres
  6 centaurs
  2 phantoms (D:5)
  4 kobold brigands
  9 bullfrogs
  2 merfolk simulacra (Shoals:2)
  4 earth elementals
  A two-headed ogre simulacrum (IceCv)
  4 scorpions
  11 wights
  10 wyvern skeletons (Crypt:3)
  A warg skeleton (Crypt:2)
  A water moccasin skeleton (Crypt:2)
  8 killer bees
  A snapping turtle simulacrum (Shoals:2)
  A manticore simulacrum (Shoals:2)
  3 electric eels (Lair:2)
  A bombardier beetle (D:3)
  5 howler monkeys
  8 crimson imps (D:11)
  3 lava snakes (Lair:2)
  A human simulacrum (Vaults:4)
  19 orc priests
  A gnoll bouda (D:9)
  5 hounds
  A bullfrog skeleton (Crypt:1)
  3 jellies
  3 iguanas
  Terence (D:2)
  16 orc wizards
  4 hell rats (Lair:5)
  A polar bear simulacrum (IceCv)
  A wolf simulacrum (IceCv)
  Robin (D:3)
  8 gnolls
  7 adders
  A shadow imp (D:5)
  6 white imps
  4 ufetubi (D:6)
  6 dart slugs
  3 ribbon worms
  58 orcs
  7 bats
  4 endoplasms
  3 giant cockroaches
  4 hobgoblins
  2 jackals (D:4)
  29 kobolds
  3 quokkas
  A river rat zombie (Crypt:2)
  2 ball pythons
  5 frilled lizards
  17 goblins
  7 rats
  An aspiring flesh (Zot:3)
  7 tentacles (Shoals:4)
2367 creatures vanquished.

Vanquished Creatures (others)
  An eldritch tentacle (Zot:5)
  A shadow dragon (Vaults:5)
  A deep elf zephyrmancer (Elf:1)
  A deep elf pyromancer (Elf:1)
  A merfolk (Shoals:3)
  4 water elementals
  An orc warrior (Orc:1)
  3 sky beasts (D:9)
  A laughing skull (WizLab)
  3 orc wizards
  A jackal zombie (Crypt:1)
  14 tentacles (Shoals:4)
32 creatures vanquished.

Grand Total: 2399 creatures vanquished

Notes
Turn   | Place    | Note
-------+----------+-------------------------------------------
     0 | D:1      | backslashecho the Draconian Shapeshifter began the quest
                  | for the Orb.
     0 | D:1      | Reached XP level 1. HP: 16/16 MP: 1/1
   123 | D:1      | Reached XP level 2. HP: 23/23 MP: 2/2
   500 | D:2      | Reached skill level 2 in Fighting
   500 | D:2      | Reached XP level 3. HP: 28/29 MP: 3/3
   561 | D:2      | Noticed Terence
  1117 | D:2      | Reached XP level 4. HP: 34/37 MP: 4/4
  1263 | D:2      | Killed Terence
  1564 | D:3      | Noticed Sigmund
  1633 | D:4      | Reached skill level 3 in Fighting
  1669 | D:4      | Reached skill level 5 in Unarmed Combat
  1669 | D:4      | Reached XP level 5. HP: 41/45 MP: 5/5
  1925 | D:3      | Noticed Robin
  1957 | D:3      | Killed Robin
  2227 | D:3      | Reached XP level 6. HP: 52/52 MP: 6/6
  2799 | D:3      | Got the Collected Works on Boreal Air
  2859 | D:3      | Killed Sigmund
  2860 | D:3      | Reached skill level 4 in Fighting
  3054 | D:3      | Your scales start taking on a dull iron-grey colour.
  3054 | D:3      | Reached XP level 7. HP: 60/60 MP: 7/7
  3244 | D:5      | Entered Level 5 of the Dungeon
  3463 | D:5      | Reached skill level 5 in Fighting
  3796 | D:5      | Found a glowing silver altar of Zin.
  3796 | D:5      | Found an ancient bone altar of Kikubaaqudgha.
  3796 | D:5      | Found a blossoming altar of Fedhas.
  4128 | D:6      | Noticed Menkaure
  4140 | D:6      | Reached XP level 8. HP: 68/68 MP: 8/8
  4561 | D:6      | Reached skill level 9 in Unarmed Combat
  4597 | D:6      | Found an ornate altar of the Wu Jian Council.
  4598 | D:6      | Found a broken altar of Ashenzari.
  4659 | D:6      | Noticed Grinder
  4668 | D:6      | Found a sacrificial altar of Ru.
  4834 | D:6      | Killed Menkaure
  4904 | D:6      | Found a snail-covered altar of Cheibriados.
  5264 | D:7      | Reached XP level 9. HP: 66/74 MP: 9/9
  5319 | D:7      | Reached skill level 5 in Dodging
  5528 | D:7      | Noticed a kobold demonologist
  5541 | D:7      | Killed a kobold demonologist
  5652 | D:7      | Found a stormy altar of Qazlal.
  5744 | D:7      | Found a staircase to the Ecumenical Temple.
  5753 | Temple   | Entered the Ecumenical Temple
  5761 | Temple   | Became a worshipper of Uskayaw the Reveller
  5824 | D:7      | Reached * piety under Uskayaw
  5995 | D:8      | Noticed a two-headed ogre
  6011 | D:7      | Reached ** piety under Uskayaw
  6012 | D:7      | Reached skill level 6 in Fighting
  6012 | D:7      | Reached skill level 1 in Invocations
  6194 | D:8      | Reached *** piety under Uskayaw
  6195 | D:8      | Killed a two-headed ogre
  6277 | D:8      | Reached **** piety under Uskayaw
  6282 | D:8      | Reached ***** piety under Uskayaw
  6413 | D:8      | Found a shadowy altar of Dithmenos.
  6617 | D:8      | Found a burning altar of Makhleb.
  6617 | D:8      | Noticed a balrug
  6620 | D:8      | Noticed a hellwing
  6661 | D:8      | Reached XP level 10. HP: 71/79 MP: 13/13
  6694 | D:8      | Reached skill level 7 in Fighting
  6695 | D:8      | HP: 4/84 [poisoned by a killer bee]
  6699 | D:8      | HP: 1/84 [poisoned by a killer bee]
  7014 | D:8      | Reached skill level 11 in Fighting
  7014 | D:8      | Reached XP level 11. HP: 101/101 MP: 14/14
  7061 | D:8      | Found a staircase to the Lair.
  7434 | D:9      | Found a flagged portal.
  7493 | Bailey   | Entered a bailey
  7522 | Bailey   | Noticed an orc warlord
  7602 | Bailey   | Found a runed translucent gate.
  7603 | Bailey   | Found a runed translucent gate.
  7604 | Bailey   | Found a runed translucent gate.
  7760 | Bailey   | Killed an orc warlord
  7922 | Bailey   | Identified the +5 ring mail "Yruti" {rPois Str+2}
  8035 | D:8      | Acquired a manual of Dodging
  8037 | D:8      | Acquired 421 gold pieces
  8039 | D:8      | Acquired the +3 pair of mountain boots {steadfast, rC+}
  8039 | D:8      | Found the +3 pair of mountain boots {steadfast, rC+}
  8098 | D:9      | Reached skill level 5 in Invocations
  8124 | D:9      | Reached ****** piety under Uskayaw
  8525 | D:9      | Noticed a two-headed ogre
  8557 | D:9      | Killed a two-headed ogre
  8602 | D:9      | Noticed Erolcha
  8896 | D:9      | Reached skill level 12 in Unarmed Combat
  8900 | D:9      | Killed Erolcha
  9071 | D:9      | Found a staircase to the Orcish Mines.
  9440 | D:10     | Entered Level 10 of the Dungeon
  9440 | D:10     | Found Quaclyif's Neck Hole.
  9460 | D:10     | Bought an amulet of regeneration for 390 gold pieces
  9621 | D:10     | Noticed a two-headed ogre
  9630 | D:10     | Killed a two-headed ogre
  9992 | D:10     | Reached XP level 12. HP: 101/110 MP: 17/17
 10308 | D:11     | Noticed Harold
 10308 | D:11     | Noticed Sonja
 10535 | D:11     | Reached skill level 9 in Dodging
 10896 | D:11     | Killed Harold
 10904 | D:11     | Killed Sonja
 11373 | Lair:1   | Entered Level 1 of the Lair of Beasts
 11567 | Lair:1   | Reached skill level 12 in Fighting
 11646 | Lair:1   | Reached skill level 1 in Evocations
 12137 | Lair:1   | Noticed Jeremiah
 12167 | Lair:1   | Killed Jeremiah
 12346 | Lair:1   | Reached XP level 13. HP: 106/118 MP: 19/19
 12550 | Lair:2   | Reached skill level 12 in Dodging
 13119 | Lair:3   | Found a hole to the Spider Nest.
 13318 | Lair:3   | Reached skill level 5 in Evocations
 13361 | Lair:3   | Found a dark tunnel.
 13371 | Volcano  | Entered a volcano
 13561 | Lair:3   | Found a frozen archway.
 13586 | IceCv    | Entered an ice cave
 14036 | Lair:3   | Identified the +7 arbalest "Cyfove" {heavy, Dex+4}
 14467 | Lair:4   | Reached skill level 15 in Unarmed Combat
 14475 | Lair:4   | Reached XP level 14. HP: 126/126 MP: 20/20
 14774 | Lair:4   | Found a staircase to the Slime Pits.
 15108 | Lair:5   | Entered Level 5 of the Lair of Beasts
 15477 | Lair:5   | Reached skill level 9 in Evocations
 16236 | Lair:5   | Identified the +2 mace of the Final Heavens {spect,
                  | ^Fragile Will+ Dex+4}
 16239 | Lair:5   | Identified the +1 scale mail of the Disbelieving Gods
                  | {rElec Int+3}
 16406 | Orc:1    | Entered Level 1 of the Orcish Mines
 16412 | Orc:1    | Noticed an orc warlord
 16432 | Orc:1    | Killed an orc warlord
 16548 | Orc:1    | Noticed Jorgrun
 16564 | Orc:1    | Killed Jorgrun
 16565 | Orc:1    | Reached skill level 15 in Dodging
 16565 | Orc:1    | Reached XP level 15. HP: 128/132 MP: 21/21
 16917 | Orc:2    | Entered Level 2 of the Orcish Mines
 17109 | Orc:2    | Found Ruphol's Antique Weapon Boutique.
 17646 | Orc:2    | Found Ylixevu's Antique Armour Boutique.
 17819 | Orc:2    | Found Riplolah's General Store.
 17832 | Orc:2    | Bought a wand of roots (4) for 144 gold pieces
 17837 | Orc:2    | Found Dadaag's Jewellery Shop.
 17868 | Orc:2    | Found a staircase to the Elven Halls.
 17904 | Orc:2    | Bought a dragon-blood talisman for 660 gold pieces
 18820 | D:12     | Reached skill level 9 in Shapeshifting
 19276 | D:13     | Noticed Josephine
 19288 | D:13     | Killed Josephine
 19544 | D:13     | Reached skill level 13 in Fighting
 19553 | D:13     | Found a gate to the Vaults.
 20685 | D:15     | Entered Level 15 of the Dungeon
 20838 | D:15     | Reached XP level 16. HP: 65/144 MP: 15/22
 21081 | D:15     | Found a staircase to the Depths.
 21600 | Lair:2   | Found a staircase to the Shoals.
 21709 | Spider:1 | Entered Level 1 of the Spider Nest
 21779 | Spider:1 | Reached skill level 14 in Fighting
 22341 | Spider:1 | Reached skill level 12 in Shapeshifting
 24349 | Spider:3 | Reached skill level 18 in Unarmed Combat
 24484 | Spider:3 | Reached skill level 15 in Fighting
 24518 | Spider:3 | Reached XP level 17. HP: 156/156 MP: 23/23
 24878 | Spider:4 | Entered Level 4 of the Spider Nest
 24960 | Spider:4 | Noticed Asterion
 24983 | Spider:4 | Killed Asterion
 25253 | Spider:4 | Noticed Louise
 25281 | Spider:4 | Killed Louise
 25673 | Spider:4 | Noticed Bai Suzhen
 26040 | Spider:4 | Killed Bai Suzhen
 26370 | Spider:4 | HP: 6/154 [emperor scorpion (3)]
 26739 | Shoals:1 | Entered Level 1 of the Shoals
 28482 | Shoals:2 | Reached skill level 15 in Shapeshifting
 28621 | Shoals:2 | Found a runed translucent gate.
 28622 | Shoals:2 | Found a runed translucent gate.
 28623 | Shoals:2 | Found a runed translucent gate.
 28625 | Shoals:2 | Noticed jamsaran's ghost (journeyman DgAl)
 28726 | Shoals:2 | Killed jamsaran's ghost
 28955 | Shoals:3 | Reached XP level 18. HP: 152/163 MP: 24/24
 29595 | Shoals:3 | Found Neerryo Esoe's General Store.
 29612 | Shoals:3 | Bought a scroll of blinking for 97 gold pieces
 29612 | Shoals:3 | Bought 2 potions of heal wounds for 130 gold pieces
 29612 | Shoals:3 | Bought a scroll of identify for 26 gold pieces
 29612 | Shoals:3 | Bought a scroll of identify for 26 gold pieces
 29767 | Shoals:4 | Entered Level 4 of the Shoals
 29963 | Shoals:4 | Noticed Ilsuiw
 29973 | Shoals:4 | Killed Ilsuiw
 30656 | Shoals:4 | Reached skill level 9 in Invocations
 30938 | Shoals:4 | Got a barnacled rune of Zot
 31450 | D:6      | Killed Grinder
 31729 | Spider:4 | Acquired the ring "Deelunno" {rN+ Int+6}
 31784 | Spider:4 | Identified the +1 hat "Sicvide" {rF+ Dex+4}
 31798 | Spider:4 | Got a gossamer rune of Zot
 32245 | Vaults:1 | Entered Level 1 of the Vaults
 32588 | Vaults:1 | Reached XP level 19. HP: 164/170 MP: 26/26
 32864 | Vaults:1 | Noticed Norris
 32876 | Vaults:1 | Killed Norris
 33262 | Vaults:1 | Identified the +5 battleaxe "Jellybane" {vamp, rPois}
 33782 | Vaults:1 | Noticed Donald
 33790 | Vaults:1 | Killed Donald
 33883 | Vaults:1 | Identified the +4 arbalest of the Protecting Spider
                  | {antimagic, *Slow Will+ Dex+2}
 34265 | Vaults:2 | Identified the orb of Understanding {*channel, ^Contam
                  | rC+++ Str+4 Slay-2}
 34265 | Vaults:2 | Noticed Frederick
 34275 | Vaults:2 | Killed Frederick
 34525 | Vaults:2 | Reached skill level 12 in Invocations
 34739 | Vaults:2 | Reached skill level 18 in Dodging
 34822 | Vaults:2 | Noticed Mennas
 35376 | Vaults:2 | Reached XP level 20. HP: 173/178 MP: 29/29
 35388 | Vaults:2 | Found Xusodupor's Antique Weapon Shoppe.
 35664 | Vaults:3 | Reached skill level 21 in Unarmed Combat
 36032 | Vaults:3 | Noticed a bone dragon
 36034 | Vaults:3 | Found a staircase to the Crypt.
 36043 | Vaults:3 | Killed a bone dragon
 36645 | Vaults:3 | Noticed Saint Roka
 36663 | Vaults:3 | Killed Saint Roka
 37814 | Vaults:4 | Reached skill level 16 in Fighting
 37996 | Vaults:4 | Identified the +8 lajatang "Beetleslayer" {protect, Str+5}
 38305 | Vaults:4 | Identified the +2 leather armour of the Locust {rF+ rN++
                  | Int-2 Dex+3}
 38309 | Vaults:4 | Noticed a golden dragon
 38401 | Vaults:4 | Found Otupp's Armour Boutique.
 38539 | Vaults:4 | Found the +5 glaive of the Guard {elec, spectral}
 38545 | Vaults:4 | Reached XP level 21. HP: 186/187 MP: 30/30
 38568 | Vaults:4 | Killed a golden dragon
 38574 | Vaults:4 | Got Ruehuss's Collected Works on the Serac
 39036 | Elf:1    | Entered Level 1 of the Elven Halls
 39069 | Elf:1    | Reached skill level 17 in Fighting
 39143 | Elf:1    | Found a magical portal.
 39165 | WizLab   | Entered Borgnjor's Mausoleum
 39491 | WizLab   | Reached skill level 18 in Shapeshifting
 39567 | WizLab   | Reached skill level 18 in Fighting
 39707 | WizLab   | Got Idepref's Excursus on the Tectonic Escort
 39941 | Elf:1    | Identified the +7 dagger "Fitirie" {protect, Will+ rCorr}
 40108 | Elf:1    | Noticed olddryhag's ghost (adept CoWn)
 40109 | Elf:1    | Found a runed translucent door.
 40362 | Elf:1    | Found Agho Icup's Assorted Antiques.
 40365 | Elf:1    | Bought a scroll of revelation for 210 gold pieces
 40365 | Elf:1    | Bought 2 scrolls of blinking for 420 gold pieces
 40365 | Elf:1    | Bought a brown potion for 25 gold pieces
 40460 | Elf:1    | Noticed Zenata
 40474 | Elf:1    | Killed Zenata
 41101 | Elf:2    | Got Itruut's Elucidation of Graupel and the Crucible
 41240 | Elf:2    | Found a flickering gateway to a bazaar.
 41250 | Bazaar   | Entered a bazaar
 41332 | Bazaar   | Found Kewyerir's Antique Armour Emporium.
 41348 | Bazaar   | Found Duyfas's Jewellery Emporium.
 41359 | Bazaar   | Found Buofaxoff's Antique Weapon Boutique.
 41367 | Bazaar   | Found Ofaemnus's General Store.
 41389 | Bazaar   | Found Uwkodovu's Distillery.
 41410 | Bazaar   | Bought the ring of Zoown {Fly rElec Str+6 Dex+3} for 525
                  | gold pieces
 41410 | Bazaar   | Bought the ring of Edeeduze {rF++ rC+} for 445 gold pieces
 41422 | Bazaar   | Bought the amulet of Furghouff {Acrobat Regen+ Dex+2} for
                  | 494 gold pieces
 41422 | Bazaar   | Bought a potion of invisibility for 96 gold pieces
 41445 | Bazaar   | Bought a runed scarf for 176 gold pieces
 41459 | Bazaar   | Bought a potion of berserk rage for 50 gold pieces
 41459 | Bazaar   | Bought 2 potions of ambrosia for 160 gold pieces
 41459 | Bazaar   | Bought a potion of ambrosia for 80 gold pieces
 41459 | Bazaar   | Bought a potion of curing for 30 gold pieces
 41459 | Bazaar   | Bought a potion of might for 40 gold pieces
 41459 | Bazaar   | Bought 2 potions of berserk rage for 100 gold pieces
 41473 | Bazaar   | Bought an embroidered cloak for 165 gold pieces
 41513 | Elf:2    | Reached skill level 19 in Fighting
 41635 | Elf:2    | Found a huge runed translucent gate.
 41635 | Elf:2    | Found a huge runed translucent gate.
 41635 | Elf:2    | Found a huge runed translucent gate.
 41636 | Elf:2    | Found a huge runed translucent gate.
 41637 | Elf:2    | Found a huge runed translucent gate.
 41772 | Elf:2    | Found an ancient bone altar of Kikubaaqudgha.
 41916 | Elf:3    | Entered Level 3 of the Elven Halls
 42028 | Elf:3    | Found Istar's Book Boutique.
 42295 | Elf:3    | Identified the ring of Rauv Hikupn {rPois Str+2 Int+6
                  | Dex+2}
 43092 | Elf:3    | Identified the +8 mace "Vejaq" {flame, *Slow Str+4 Int+5}
 43094 | Elf:3    | Identified the +3 plate armour "Deluecly" {Harm Fly rCorr
                  | Slay+3}
 43111 | Elf:3    | Reached XP level 22. HP: 188/209 MP: 31/31
 43291 | Elf:3    | Reached skill level 20 in Fighting
 43405 | Elf:3    | Got Kydioquq's Encyclopedia of the Queen Bee and Terrain
 43433 | Elf:3    | Identified the +1 falchion of Understanding {antimagic,
                  | rCorr Str+3}
 43756 | Slime:1  | Entered Level 1 of the Pits of Slime
 43808 | Slime:2  | Paralysed by a formless jellyfish for 1 turns
 43879 | Slime:5  | Entered Level 5 of the Pits of Slime
 43954 | Slime:5  | Gained mutation: Your spells are a little easier to cast,
                  | but a little less powerful. [a shining eye]
 43979 | Slime:5  | Noticed the Royal Jelly
 43980 | Slime:5  | Found a viscous altar of Jiyva.
 44015 | Slime:5  | Killed the Royal Jelly
 44136 | Slime:5  | Identified the ring "Qorywuererr" {rPois Will+ EV+5 Int+2
                  | Stlth+}
 44156 | Slime:5  | Identified the +6 hand axe of Duty {flame, rPois rF+ Will-}
 44164 | Slime:5  | Found the +12 glaive of Prune {freeze, Prune}
 44177 | Slime:5  | Got a slimy rune of Zot
 44183 | Slime:5  | Got a starry gem with 250 turns to spare
 44215 | Slime:5  | Identified the +5 rapier of Quick Death {flame, rPois
                  | rCorr}
 44225 | Slime:5  | Identified the +2 plate armour of Protective Custody
                  | {Str+3}
 44246 | Slime:5  | Identified the +4 halberd of the Tundras {flame, Fly
                  | Stlth+}
 44527 | Depths:1 | Entered Level 1 of the Depths
 44641 | Depths:1 | Found a bloodstained altar of Trog.
 44700 | Depths:1 | Found Ceibretu's Overcharged Wands.
 44990 | Depths:1 | Found a gateway to Hell.
 45140 | Depths:1 | Found a one-way gate to the infinite horrors of the Abyss.
 45356 | Depths:2 | Reached skill level 21 in Fighting
 45680 | Depths:2 | Found a broken altar of Ashenzari.
 45936 | Depths:2 | Found a one-way gate leading to the halls of Pandemonium.
 46254 | Depths:3 | Reached skill level 21 in Dodging
 46363 | Depths:3 | Found a one-way gateway to a ziggurat.
 46953 | Depths:3 | Reached XP level 23. HP: 220/220 MP: 32/32
 47096 | Depths:3 | Noticed a juggernaut
 47100 | Depths:3 | Killed a juggernaut
 47189 | Depths:3 | Identified the +6 war axe "Isamom" {freeze, rPois Will+
                  | Str+3}
 47299 | Depths:4 | Entered Level 4 of the Depths
 48529 | Depths:4 | Found a gate to the Realm of Zot.
 48967 | Vaults:5 | Entered Level 5 of the Vaults
 49163 | Vaults:5 | Reached skill level 15 in Invocations
 49179 | Vaults:5 | Noticed a dread lich
 49201 | Vaults:5 | Paralysed by a dread lich for 3 turns
 49204 | Vaults:5 | HP: 14/330 [golden dragon (11)]
 49204 | Vaults:5 | HP: 6/330 [golden dragon (8)]
 49441 | Vaults:5 | Killed a dread lich
 49495 | Vaults:5 | Got the Spellbook of Ill-boding Fog
 49501 | Vaults:5 | Identified the +8 chain mail of Pyoshruott {-Cast rC+++
                  | Will- Regen+}
 49652 | Vaults:5 | Identified the staff of Uncertain Death {rElec Conj Necro}
 49744 | Vaults:5 | Reached XP level 24. HP: 221/221 MP: 34/34
 49846 | Vaults:5 | Reached skill level 21 in Shapeshifting
 49977 | Vaults:5 | Identified the +2 quarterstaff of the Arena {drain, rF+}
 50011 | Vaults:5 | Got a silver rune of Zot
 50350 | Vaults:5 | Acquired a manual of Translocations
 50357 | Vaults:5 | Learned a level 4 spell: Passage of Golubria
 50463 | Crypt:1  | Entered Level 1 of the Crypt
 50585 | Crypt:1  | Noticed Sojobo
 50676 | Crypt:1  | Identified the +3 chain mail of the Butterfly {rElec rF+++
                  | Will- Int-3}
 51144 | Crypt:1  | Noticed Vv
 51281 | Crypt:1  | Killed Sojobo
 51305 | Crypt:1  | Killed Vv
 51306 | Crypt:1  | Reached skill level 1 in Translocations
 51954 | Crypt:2  | Learned a level 3 spell: Fugue of the Fallen
 52056 | Crypt:2  | Reached skill level 22 in Fighting
 52106 | Crypt:2  | Noticed Jory
 52121 | Crypt:2  | Killed Jory
 52198 | Crypt:3  | Entered Level 3 of the Crypt
 52324 | Crypt:3  | Reached skill level 5 in Translocations
 52694 | Crypt:3  | Identified the ring of Nobreap {+Blink rPois rF+ rN+ Dex+6}
 52699 | Crypt:3  | Identified the ring of Suomiorgh {*Corrode rF+ rN+ Str+2
                  | Dex+6}
 52907 | Crypt:3  | Identified the ring "Hyfedo" {rF+ Str+6 Int+4}
 53167 | Crypt:3  | Found an ancient bone altar of Kikubaaqudgha.
 53315 | Crypt:3  | Noticed a dread lich
 53316 | Crypt:3  | Identified the +8 short sword "Idedi" {vamp, rC+ Str+3}
 53336 | Crypt:3  | Killed a dread lich
 53366 | Crypt:3  | Got the Exposition on Bodies
 53368 | Crypt:3  | Identified the staff of Eternal Vigilance {Str+2 Hexes
                  | Necro Earth}
 53530 | Crypt:3  | Found a staircase to the Tomb.
 53861 | Crypt:3  | Reached skill level 9 in Translocations
 54325 | Zot:1    | Entered Level 1 of the Realm of Zot
 54326 | Zot:1    | Identified the +2 robe of Distant Shores {rF+ Str+2 Int-5}
 54328 | Zot:1    | Found the +4 dragonskin cloak
 54328 | Zot:1    | Noticed Tiamat
 54613 | Zot:1    | Noticed an orb of fire
 54620 | Zot:1    | Gained mutation: You have hidden genetic defects. [an orb
                  | of fire]
 54624 | Zot:1    | Killed an orb of fire
 54625 | Zot:1    | Reached XP level 25. HP: 204/238 MP: 35/35
 55083 | Zot:1    | Noticed Parghit
 55111 | Zot:1    | Killed Parghit
 55437 | Zot:1    | Noticed an orb of fire
 55451 | Zot:1    | Killed an orb of fire
 55519 | Zot:1    | Gained mutation: You occasionally lose the ability to read
                  | scrolls when taking damage. [hidden defects]
 55521 | Zot:1    | Lost mutation: You have hidden genetic defects. [potion of
                  | mutation]
 55521 | Zot:1    | Lost mutation: Your spells are a little easier to cast, but
                  | a little less powerful. [potion of mutation]
 55521 | Zot:1    | Lost mutation: You occasionally lose the ability to read
                  | scrolls when taking damage. [potion of mutation]
 55521 | Zot:1    | Gained mutation: You are strong-willed. (Will+) [potion of
                  | mutation]
 55521 | Zot:1    | Gained mutation: Your magical capacity is low. (-10% MP)
                  | [potion of mutation]
 55521 | Zot:1    | Gained mutation: A frigid envelope surrounds you and
                  | freezes all who hurt you. [potion of mutation]
 55562 | Zot:2    | Identified the +2 buckler "Age Qemyba" {rElec Will++}
 55579 | Zot:2    | Reached skill level 18 in Invocations
 55580 | Zot:2    | Noticed a Killer Klown
 55609 | Zot:2    | Killed a Killer Klown
 56106 | Zot:3    | Found a transporter.
 56112 | Zot:3    | Found a transporter.
 56387 | Zot:3    | Found a transporter.
 56391 | Zot:3    | Found a transporter.
 56411 | Zot:3    | Found a transporter.
 56418 | Zot:3    | Found a transporter.
 57061 | Zot:4    | Noticed a Killer Klown
 57061 | Zot:4    | Noticed a Killer Klown
 57061 | Zot:4    | Noticed a Killer Klown
 57061 | Zot:4    | Noticed a Killer Klown
 57062 | Zot:4    | Noticed a Killer Klown
 57062 | Zot:4    | Noticed a Killer Klown
 57069 | Zot:4    | Noticed an orb of fire
 57071 | Zot:4    | Gained mutation: You are dopey. (Int -2) [an orb of fire]
 57581 | Zot:4    | Killed a Killer Klown
 57610 | Zot:4    | Killed a Killer Klown
 57617 | Zot:4    | Reached skill level 23 in Fighting
 57684 | Zot:4    | Killed a Killer Klown
 57715 | Zot:4    | Killed a Killer Klown
 57716 | Zot:4    | Reached XP level 26. HP: 250/250 MP: 32/32
 57987 | Zot:4    | Gained mutation: You are weak. (Str -2) [an orb of fire]
 57990 | Zot:4    | Killed an orb of fire
 58112 | Zot:5    | Entered Level 5 of the Realm of Zot
 58335 | Zot:5    | Found a bloodstained altar of Trog.
 58712 | Zot:5    | Reached skill level 12 in Translocations
 58918 | Zot:5    | Noticed a dread lich
 58923 | Zot:5    | Killed a dread lich
 58940 | Zot:5    | Noticed a dread lich
 58946 | Zot:5    | Killed a dread lich
 58957 | Zot:5    | Noticed an orb of fire
 58963 | Zot:5    | Killed an orb of fire
 58972 | Zot:5    | Noticed an orb of fire
 58974 | Zot:5    | Gained mutation: You are clumsy. (Dex -2) [an orb of fire]
 58975 | Zot:5    | Gained mutation: You occasionally shout uncontrollably at
                  | your foes. [an orb of fire]
 58977 | Zot:5    | Gained mutation: You occasionally lose the ability to drink
                  | potions when taking damage. [an orb of fire]
 58982 | Zot:5    | Gained mutation: You frequently scream uncontrollably at
                  | your foes. [an orb of fire]
 58985 | Zot:5    | Noticed an orb of fire
 58986 | Zot:5    | Killed an orb of fire
 58987 | Zot:5    | Noticed an orb of fire
 58990 | Zot:5    | Gained mutation: You are very clumsy. (Dex -4) [an orb of
                  | fire]
 58991 | Zot:5    | Killed an orb of fire
 58998 | Zot:5    | Killed an orb of fire
 59064 | Zot:5    | Lost mutation: You occasionally lose the ability to drink
                  | potions when taking damage. [potion of mutation]
 59064 | Zot:5    | Lost mutation: You are dopey. (Int -2) [potion of mutation]
 59064 | Zot:5    | Lost mutation: You are very clumsy. (Dex -4) [potion of
                  | mutation]
 59064 | Zot:5    | Gained mutation: You possess an exceptional clarity of
                  | mind. [potion of mutation]
 59073 | Zot:5    | Noticed an orb of fire
 59082 | Zot:5    | Killed an orb of fire
 59102 | Zot:5    | Noticed an orb of fire
 59117 | Zot:5    | Lost mutation: You possess an exceptional clarity of mind.
                  | [an orb of fire]
 59118 | Zot:5    | Killed an orb of fire
 59217 | Zot:5    | Noticed an orb of fire
 59222 | Zot:5    | Killed an orb of fire
 59264 | Zot:5    | Got the Orb of Zot
 59394 | Zot:1    | Noticed Uroes the pandemonium lord
 59755 | D:7      | Reached skill level 24 in Fighting
 59873 | D:$      | Escaped with the Orb!

Illustrated notes

Levels and vault maps discovered:
D:1:      minmay_arrival_four_circles, layout_basic, minmay_misc_feat_chi
D:2:      layout_rooms, serial_bayou_crossing, uniq_terence
D:3:      layout_basic, uniq_robin, uniq_sigmund
D:4:      layout_rooms, kennysheep_another_room, minmay_stone_trees_small
D:5:      layout_loops_cross, gammafunk_temple_overflow_forgotten,
          lemuel_flame_loot_1
D:6:      layout_rooms, mainiacjoe_overflow_brackets,
          lemuel_coloured_pillars_altar, minitemple, hangedman_glass_teeth,
          roderic_serpentine_path, uniq_menkaure, uniq_grinder
D:7:      layout_rooms, mainiacjoe_overflow_six_doors_small, temple_hall
D:8:      layout_cave_pods, mainiacjoe_overflow_small_starburst,
          makhleb_altar_promises_db, dpeg_oklobed_lair
D:9:      layout_cross, david_orc_4, enter_bailey_2, hangedman_misty_isle,
          uniq_erolcha
D:10:     layout_roguey, nicolae_shop_sticking_my_neck_out
D:11:     layout_cave_pods, minmay_nine_imps, uniq_harold, uniq_sonja
D:12:     layout_gridville
D:13:     layout_basic, david_vaults_1, uniq_josephine
D:14:     layout_loops_ring, minmay_misc_feat_encased
D:15:     hangedman_depths_entry_civil_slaughter, layout_cave_pools,
          chequers_serial_rivers_room_a, minmay_misc_feat_hallway
Temple:   nicolae_temple_no_exploring_needed
Lair:1:   layout_regular_city, uniq_jeremiah
Lair:2:   layout_misc_corridors, minmay_shoals_entry_hut,
          nicolae_lair_liquid_snakes
Lair:3:   layout_hall_layers, dummy_spider_entry, nicolae_volcano_entry_batcave,
          portal_ice_cave_demonic_guard
Lair:4:   layout_misc_corridors, slime_entry_1, beast_lair_carwin_3,
          grunt_megastairs_4, lemuel_fruit_tree, lemuel_fruit_fields
Lair:5:   grunt_lair_end_beastmaster, layout_loops_ring
Shoals:1: layout_shoals
Shoals:2: layout_shoals, gammafunk_ghost_necromancy,
          nicolae_shoals_this_corrosion, nicolae_shoals_former_cling_halls
Shoals:3: layout_shoals, serial_shops, shop, nicolae_shoals_lost_giant_pillars,
          nicolae_shoals_square_sea_wall, nicolae_shoals_hunting_party
Shoals:4: shoals_end_grunt_garden, layout_shoals, shoals_ilsuiw_ice
Spider:1: layout_chambers, hangedman_spider_tarantella_strand
Spider:2: layout_spider_delve, nicolae_spider_undead_wolf_pack
Spider:3: layout_spider_delve
Spider:4: floodkiller_spider_rune_tomb, uniq_louise, uniq_asterion,
          uniq_bai_suzhen
Slime:1:  layout_caves
Slime:2:  layout_caves
Slime:3:  layout_caves
Slime:4:  layout_caves, uniq_dissolution
Slime:5:  slime_pit_nicolae_block_by_block
Orc:1:    nicolae_orc_accident_1, layout_caves, nicolae_orc_minecarts,
          uniq_jorgrun
Orc:2:    grunt_orc_gardens, layout_diamond_mine, grunt_orc_garden,
          grunt_orc_garden, grunt_orc_garden, grunt_orc_garden
Elf:1:    nicolae_elf_arrival_no_cutting_in_line, layout_loops_corners,
          serial_shops, nicolae_shop_tiny_real_fake_doors,
          lightli_enter_wizlab_magi_temple, hellmonk_ghost_big_iron,
          hangedman_elven_crosses_minicolossus, uniq_zenata
Elf:2:    elven_hall_of_blades_hangedman_alternative
          [nicolae_blade_entry_sentries_behind_glass], layout_geoelf_grid,
          basic_altar, serial_shops, statue_bzr, feat_on_display
Elf:3:    elf_hall, layout_geoelf_castle, serial_shops, nicolae_shop_mannequins,
          minmay_misc_feat_diagonals
Vaults:1: nicolae_vaults_trapezoid_1, nicolae_vaults_tetromino_T_1,
          nicolae_vaults_three_branches, grunt_vaults_funnel,
          nicolae_vaults_trapezoid_lopsided_2,
          nicolae_vaults_variable_pillar_hall, nicolae_vaults_tetromino_L_2,
          nicolae_vaults_asterisk, hangedman_vaults_maws, vaults_room_pools,
          nicolae_vaults_yaktaur_gun_rack, nicolae_vaults_ninety_degrees,
          nicolae_vaults_crenellated_ambush, layout_vaults_omnigrid,
          uniq_norris, uniq_donald
Vaults:2: vaults_room_hallway, nicolae_vaults_steering_wheel,
          vaults_standard_mumra_lines, hangedman_vaults_corner, v_misc_10,
          nicolae_vaults_sightless_eye, nicolae_vaults_oval_intersection,
          hangedman_vaults_locks, vaults_dpeg_ring,
          nicolae_vaults_shipping_containers_4, layout_vaults_ring,
          serial_shops, shop, uniq_mennas, uniq_frederick
Vaults:3: nicolae_vaults_shelves_hall, nicolae_vaults_more_shelving_1,
          v_alt_pattern_1, grunt_vaults_bifocal,
          minmay_crypt_entry_nasty_monster, nicolae_vaults_wine_cellar,
          v_misc_28, v_misc_16, vaults_room_guarded_vault, v_misc_25, v_misc_28,
          nicolae_vaults_variable_pillar_hall, nicolae_vaults_layer_cake_slice,
          nicolae_vaults_trapezoid_layered, nicolae_vaults_closet_pinwheel_3,
          nicolae_vaults_trapezoid_2, nicolae_vaults_house_2,
          layout_vaults_omnicross, uniq_saint_roka
Vaults:4: vaults_room_ringed_pool, v_pattern_4, vaults_room_fancy_cross,
          v_misc_1, nicolae_vaults_tangram_2,
          minmay_guarded_unrand_guard_vaults, v_misc_3, v_misc_27, v_misc_32,
          nicolae_vaults_doubleplus_tesselated, nicolae_vaults_double_plus_1,
          grunt_vaults_hallway_short, nicolae_vaults_offset_grid_hallway_2,
          ontoclasm_vaults_misaligned, vaults_dpeg_cross, serial_ice_b,
          layout_vaults_maze, serial_shops, shop
Vaults:5
Crypt:1:  layout_gridlike, minmay_misc_feat_columns, chequers_big_river,
          minivault_5, uniq_vv, uniq_sojobo
Crypt:2:  layout_chaotic_city, uniq_jory
Crypt:3:  evilmike_haunted_forest
Depths:1: layout_basic, trog_three_pillars_becter, hangedman_abyss_entry_splay,
          hell_entry, nrook_pool_corridor, drop_trap,
          nicolae_shop_overcharged_wands
Depths:2: nicolae_hitomezashi [nicolae_hito_row, nicolae_hito_row,
          nicolae_hito_row, nicolae_hito_row, nicolae_hito_row,
          nicolae_hito_row, nicolae_hito_row, nicolae_hito_row,
          nicolae_hito_row, nicolae_hito_row, nicolae_hito_row,
          nicolae_hito_row, nicolae_hito_row, nicolae_hito_row,
          nicolae_hito_row, nicolae_hito_row, nicolae_hito_row,
          nicolae_hito_row], layout_gridlike, grunt_pan_entry_spiral,
          hell_entry, cheibrodos_ashenzari_chains, infiniplex_staircase_x
Depths:3: minmay_two_paths, layout_gridville, enter_ziggurat_f,
          minmay_crystal_water, abyss_entry_small_statue_room,
          pf_hell_entry_great_geh
Depths:4: grunt_zot_entry_tricorne, layout_long_grid, hell_entry,
          minmay_strange_pillars, abyss_entry, lemuel_freeze_loot_1
Zot:1:    lemuel_firehouse, layout_onion_interference, uniq_parghit, uniq_tiamat
Zot:2:    cheibrodos_frozen_isle, layout_misc_corridors
Zot:3:    layout_onion_interference, serial_nicolae_subway,
          nicolae_sub_station_crystal, nicolae_sub_station_metal,
          nicolae_sub_station_stone
Zot:4:    layout_misc_corridors, regret_index_zotdec_stipple_waver, drop_trap
Zot:5:    layout_basic, basic_altar

Skill      XL: |  1  2  3  4  5  6  7  8  9 10 11 12 13 14 15 16 17 18 19 20 21 22 23 24 25 26 |
---------------+-------------------------------------------------------------------------------+-----
Dodging        | 2 3 4 5 8 11 13 15 17 18 19 20 21 22 23 | 23.4
Fighting       | 2 3 4 5 6 11 12 13 15 16 19 21 22 23 24 | 24.0
Unarmed Combat | 4 5 6 8 10 11 12 13 15 16 17 18 19 20 21 22 23 | 23.3
Invocations    | 4 7 8 10 12 13 15 17 18 | 18.0
Shapeshifting  | 4 7 8 10 13 15 16 17 18 19 20 21 22 23 | 23.0
Evocations     | 3 7 9 |  9.0
Translocations | 10 11 14 | 14.0

Action                     |  1- 3 |  4- 6 |  7- 9 | 10-12 | 13-15 | 16-18 | 19-21 | 22-24 | 25-27 || total
---------------------------+-------+-------+-------+-------+-------+-------+-------+-------+-------++-------
  Melee: Unarmed           |    94 |   159 |   281 |   660 |  1379 |  1248 |  1185 |  1146 |   528 ||  6680
         Tailslap          |    12 |    17 |    44 |   131 |   325 |   246 |   276 |   257 |   102 ||  1410
         Punch             |       |     2 |    10 |     2 |    33 |   179 |   220 |   183 |   107 ||   736
         Maw               |       |       |       |       |   102 |   242 |       |       |       ||   344
         Bite              |       |       |       |       |       |    62 |    30 |   173 |    74 ||   339
  Throw: Dart              |     4 |     1 |     1 |       |       |       |       |       |       ||     6
         Throwing net      |       |       |       |       |       |     2 |       |       |       ||     2
 Invoke: Line Pass         |       |       |       |     3 |     5 |     2 |     7 |     4 |       ||    21
         Stomp             |       |       |       |     1 |    23 |    13 |     8 |     3 |     4 ||    52
         Grand Finale      |       |       |       |       |     1 |     2 |     2 |     5 |     4 ||    14
Ability: Mud Breath        |       |       |     1 |     2 |       |     4 |     2 |     2 |     1 ||    12
  Evoke: Wand              |       |       |     1 |     6 |     4 |    23 |     1 |     3 |     4 ||    42
         Box of beasts     |       |       |       |       |       |       |       |     1 |       ||     1
    Use: Potion            |     1 |     1 |       |     1 |     1 |     7 |     6 |    11 |     7 ||    35
         Scroll            |       |     2 |     8 |    10 |    12 |     9 |     4 |     9 |     4 ||    58
   Stab: Sleeping          |       |     2 |     1 |       |     2 |     4 |     9 |     2 |     1 ||    21
         Paralysed         |       |       |     3 |    45 |   115 |   125 |   135 |    90 |    67 ||   580
         Confused          |       |       |       |     1 |     3 |       |     4 |     1 |       ||     9
         Petrified         |       |       |       |       |    12 |       |       |       |       ||    12
         Invisible         |       |       |       |       |       |     2 |     1 |       |       ||     3
         Distracted        |       |       |       |       |       |     1 |     3 |     2 |       ||     6
 Armour: Skin              |    59 |   101 |   102 |   207 |   624 |   838 |   403 |   504 |   370 ||  3208
  Dodge: Dodged            |    64 |    68 |   265 |   651 |  1644 |  1680 |  1089 |   966 |   527 ||  6954
         Form:             |     1 |       |       |       |       |     2 |       |       |       ||     3
         Beast             |     1 |       |       |       |       |       |       |       |       ||     1
         Flux              |       |       |       |     1 |       |     4 |       |       |       ||     5
         Maw               |       |       |       |       |     1 |     6 |       |       |       ||     7
         Dragon            |       |       |       |       |       |     6 |     1 |     2 |       ||     9
         Serpent           |       |       |       |       |       |     1 |       |       |       ||     1
         Blade             |       |       |       |       |       |     4 |     1 |     1 |       ||     6

Table legend: (Time is in decaauts)
 A = Elapsed time spent in this place.
 B = Non-inter-level travel time spent in this place.
 C = Inter-level travel time spent in this place.
 D = Time resting spent in this place.
 E = Time spent auto-exploring this place.
 F = Levels seen in this place.
 G = Mean time per level.
                   A        B        C        D        E       F      G
               +--------+--------+--------+--------+--------+-----+--------+
         Total |  57738 |  51057 |   6681 |   4890 |  29660 |  61 |  946.5 |
       Dungeon |  14941 |  12710 |   2231 |   1481 |   8200 |  15 |  996.1 |
        Temple |     16 |     16 |      0 |      0 |      0 |   1 |   16.0 |
          Lair |   4728 |   4082 |    646 |     12 |   2541 |   5 |  945.6 |
        Shoals |   4419 |   4221 |    198 |    668 |   2022 |   4 | 1104.8 |
   Spider Nest |   5216 |   4431 |    785 |    330 |   2692 |   4 | 1304.0 |
    Slime Pits |    492 |    449 |     43 |      8 |     95 |   5 |   98.4 |
  Orcish Mines |   1856 |   1632 |    224 |    268 |    877 |   2 |  928.0 |
   Elven Halls |   3537 |   3217 |    320 |    397 |   1726 |   3 | 1179.0 |
        Vaults |   7875 |   7056 |    819 |    546 |   4169 |   5 | 1575.0 |
         Crypt |   3359 |   3072 |    287 |    150 |   1838 |   3 | 1119.7 |
        Depths |   4504 |   3660 |    844 |    210 |   2350 |   4 | 1126.0 |
           Zot |   4878 |   4599 |    279 |    815 |   2241 |   5 |  975.6 |
        Bazaar |    242 |    242 |      0 |      0 |    141 |   1 |  242.0 |
        Bailey |    518 |    518 |      0 |      0 |    303 |   1 |  518.0 |
      Ice Cave |    376 |    376 |      0 |      0 |    156 |   1 |  376.0 |
       Volcano |    145 |    145 |      0 |      0 |      0 |   1 |  145.0 |
        Wizlab |    628 |    628 |      0 |      3 |    308 |   1 |  628.0 |
               +--------+--------+--------+--------+--------+-----+--------+

Top non-repeatable levels by time:
     D:8: 1827 daAuts
Vaults:1: 1823 daAuts
Spider:4: 1814 daAuts
Vaults:3: 1811 daAuts
Spider:1: 1667 daAuts
 Crypt:3: 1645 daAuts
Vaults:2: 1574 daAuts
   Elf:3: 1553 daAuts
Vaults:4: 1467 daAuts
   Elf:1: 1359 daAuts
Depths:4: 1313 daAuts
Shoals:4: 1280 daAuts
     D:9: 1210 daAuts
Vaults:5: 1198 daAuts
   Zot:1: 1197 daAuts
